 Dungeon Crawl Stone Soup version 0.30-a0-4-ga7cffc901d (webtiles) character file.

Game seed: 5454297944877582367

189 Setbun the Sneak (level 6, -3/35 HPs)
             Began as a Kobold Enchanter on Aug 20, 2022.
             Killed from afar by an orc wizard (6 damage)
             ... with a magic dart
             ... on level 3 of the Dungeon.
             The game lasted 00:03:42 (4244 turns).

Setbun the Sneak (Kobold Enchanter)                 Turns: 4244, Time: 00:03:43

Health: -3/35      AC:  3    Str:  5    XL:     6   Next: 0%
Magic:  4/10       EV: 15    Int: 23    God:
Gold:   190        SH:  0    Dex: 17    Spells: 5/10 levels left

rFire   . . .      SeeInvis .    a - +1 dagger
rCold   . . .      Faith    .    (no shield)
rNeg    . . .      Spirit   .    b - +0 robe
rPois   .          Reflect  .    o - +0 helmet
rElec   .          Harm     .    (no cloak)
rCorr   .          Rampage  .    (no gloves)
Will    +....                    (no boots)
Stlth   ++++......               (no amulet)
HPRegen 0.11/turn                g - +6 ring of intelligence
MPRegen 0.12/turn                q - ring of willpower

@: no status effects
A: small, no large weapons, nightstalker 3
a: no special abilities


You were on level 3 of the Dungeon.
You visited 1 branch of the dungeon, and saw 4 of its levels.

You collected 190 gold pieces.

Inventory:

Hand Weapons
 a - a +1 dagger (weapon)
Missiles
 k - a throwing net (quivered)
Armour
 b - a +0 robe (worn)
 o - a +0 helmet (worn)
Jewellery
 g - a +6 ring of intelligence (left hand)
 h - a ring of flight
 q - a ring of willpower (right hand)
Wands
 n - a wand of paralysis (4)
Scrolls
 d - 5 scrolls of fear {unknown}
 e - 3 scrolls of identify {unknown}
 f - a scroll of silence {unknown}
 i - 2 scrolls of immolation {unknown}
 m - a scroll of teleportation {unknown}
 p - a scroll of blinking {unknown}
 r - a scroll of vulnerability {unknown}
Potions
 c - 3 potions of invisibility
 j - a potion of might {unknown}
 l - a potion of magic {unknown}


   Skills:
 + Level 2.0 Fighting
 * Level 4.1 Short Blades
 + Level 3.2 Dodging
 + Level 5.1 Stealth
 + Level 2.8 Spellcasting
 + Level 3.4 Hexes


You had 5 spell levels left.
You knew the following spells:

 Your Spells              Type           Power      Damage    Failure   Level
a - Ensorcelled Hibernat  Hex/Ice        22%        N/A       9%          2
b - Confusing Touch       Hex            19%        N/A       9%          3

Your spell library contained the following spells:

 Spells                   Type           Power      Damage    Failure   Level
 Tukima's Dance           Hex            19%        N/A       9%          3
 Dazzling Flash           Conj/Hex       22%        N/A       17%         3


Dungeon Overview and Level Annotations

Branches:
Dungeon (4/15)
 Temple: D:4-7

Altars:
Okawaru


Innate Abilities, Weirdness & Mutations

You are small and have problems with some larger weapons.
You are completely attuned to the shadows.


Message History

The orc is almost dead.
You hit the orc.
You kill the orc!
You hear some strange, mumbled words.
Something tries to affect you, but you resist.
You have reached level 6!
Something hits you.
There is a stone staircase leading up, spattered with blood here.
You see here a +0 hand axe.
You hit something. Something hits you.
You closely miss something.
You hear some strange, mumbled words.
A magic dart appears from out of thin air!
The magic dart hits you.
You hit something but do no damage. Something hits you but does no damage.
You miss something. You closely miss something. Something hits you.
You closely miss something.
The orc wizard shouts!
You hear some strange, mumbled words.
Something tries to affect you, but you resist.
You hit something but do no damage. Something barely misses you.
Something hits you.
You climb upwards.
Reactivating autopickup.
There is a stone staircase leading down here.
Deactivating autopickup; reactivate with Ctrl-A.
You hit something. Something hits you.
You hit something but do no damage. You closely miss something.
Something hits you.
* * * LOW HITPOINT WARNING * * *
You miss something.
You hear some strange, mumbled words.
A puff of flame appears from out of thin air!
The puff of flame hits you!
* * * LOW HITPOINT WARNING * * *
You completely miss something.
You hear some strange, mumbled words.
A magic dart appears from out of thin air!
The magic dart hits you.
You die...

########## #........#
#....)...#############
#....@{...............
#........###..########
#........# #..)....#
#........# #.#.###.#
#........###.#.# #.#
#.........##)#.###.#
#########..#.#.....#
##...#.##.####
##..#.##.....


There were no monsters in sight!

Vanquished Creatures
  Jessica (D:3)
  An orc wizard (D:4)
  3 adders
  A gnoll (D:1)
  2 worms
  2 dart slugs (D:2)
  8 orcs
  4 bats
  3 endoplasms
  3 giant cockroaches
  7 goblins
  7 hobgoblins
  9 jackals
  A quokka (D:3)
  8 ball pythons
  5 frilled lizards
  8 kobolds
  8 rats
81 creatures vanquished.

Notes
Turn   | Place    | Note
-------+----------+-------------------------------------------
     0 | D:1      | Setbun the Kobold Enchanter began the quest for the Orb.
     0 | D:1      | Reached XP level 1. HP: 10/10 MP: 3/3
   423 | D:1      | Reached XP level 2. HP: 16/16 MP: 5/5
   773 | D:1      | Reached XP level 3. HP: 20/20 MP: 6/6
  1011 | D:1      | Reached skill level 1 in Fighting
  1314 | D:2      | Reached XP level 4. HP: 25/25 MP: 7/7
  1992 | D:2      | Found a faded altar of an unknown god.
  2760 | D:3      | Reached XP level 5. HP: 28/29 MP: 8/8
  2849 | D:3      | Noticed Jessica
  2853 | D:3      | Killed Jessica
  3531 | D:3      | Found an iron altar of Okawaru.
  3898 | D:3      | Learned a level 2 spell: Ensorcelled Hibernation
  3902 | D:3      | Learned a level 3 spell: Confusing Touch
  3941 | D:3      | Reached skill level 5 in Stealth
  4230 | D:4      | Reached XP level 6. HP: 27/35 MP: 2/10
  4244 | D:3      | Killed from afar by an orc wizard

Illustrated notes

Levels and vault maps discovered:
D:1:      saegor_arrival_miasma, layout_loops_ring
D:2:      layout_basic, chequers_ecumenical_altar_grove
D:3:      layout_basic, lemuel_coloured_pillars_altar, uniq_jessica
D:4:      layout_cave_pools, nemelex_xobeh_ov_fountains_minmay,
          mainiacjoe_overflow_tiny_flanked, wad_rectangle_vault

Skill      XL: |  1  2  3  4  5 |
---------------+----------------+-----
Short Blades   | 2 3 4 |  4.1
Fighting       | 1 2 |  2.0
Dodging        | 3 |  3.2
Stealth        | 5 |  5.1
Spellcasting   | |  2.8
Hexes          | |  3.4

Action                   |  1- 3 |  4- 6 || total
-------------------------+-------+-------++-------
Melee: Dagger            |    60 |   180 ||   240
       Punch             |       |     1 ||     1
 Cast: Ensorcelled Hiber |       |    10 ||    10
 Stab: Sleeping          |    19 |    24 ||    43
       Distracted        |     2 |       ||     2
Armor: Robe              |     3 |    11 ||    14
Dodge: Dodged            |    22 |   125 ||   147

Table legend: (Time is in decaauts)
 A = Elapsed time spent in this place.
 B = Non-inter-level travel time spent in this place.
 C = Inter-level travel time spent in this place.
 D = Time resting spent in this place.
 E = Time spent auto-exploring this place.
 F = Levels seen in this place.
 G = Mean time per level.
                   A        B        C        D        E       F      G
               +--------+--------+--------+--------+--------+-----+--------+
         Total |   4211 |   3980 |    231 |    565 |   2827 |   4 | 1052.8 |
       Dungeon |   4211 |   3980 |    231 |    565 |   2827 |   4 | 1052.8 |
               +--------+--------+--------+--------+--------+-----+--------+

Top non-repeatable levels by time:
     D:3: 1589 daAuts
     D:1: 1373 daAuts
     D:2: 1039 daAuts
     D:4: 207 daAuts
